 Dungeon Crawl Stone Soup version 0.22-a0-458-gb446440 (webtiles) character file.

65 4thArraOfDagon the Chopper (level 4, 0/41 HPs)
             Began as a Hill Orc Fighter on June 8, 2018.
             Succumbed to a worker ant's poison
             ... on level 4 of the Dungeon.
             The game lasted 00:01:26 (322 turns).

4thArraOfDagon the Chopper (Hill Orc Fighter)        Turns: 322, Time: 00:01:27

Health: 0/41       AC:  6    Str: 23    XL:     4   Next: 13%
Magic:  4/4        EV:  9    Int:  9    God:
Gold:   42         SH:  0    Dex: 10    Spells: 3/3 levels left

rFire    + . .     SeeInvis .   a - +0 war axe
rCold    + . .     Gourm    .   (no shield)
rNeg     . . .     Faith    .   b - +0 scale mail
rPois    +         Spirit   .   (no helmet)
rElec    +         Reflect  .   (no cloak)
rCorr    +         Harm     .   (no gloves)
MR       .....                  (no boots)
Stlth    ..........             (no amulet)
HPRegen  0.13/turn              (no ring)
MPRegen  0.09/turn              (no ring)

@: mighty, lethally poisoned (0 -> -14), resistant
A: no striking features
a: no special abilities


You were on level 4 of the Dungeon.
You were not hungry.

You visited 1 branch of the dungeon, and saw 4 of its levels.

You collected 42 gold pieces.

Inventory:

Hand Weapons
 a - a +0 war axe (weapon)
Missiles
 c - a throwing net (quivered)
Armour
 b - a +0 scale mail (worn)
Scrolls
 e - 3 scrolls of remove curse {unknown}
 g - a scroll of teleportation {unknown}
 h - a scroll of amnesia {unknown}
 j - a scroll of identify {unknown}
Comestibles
 f - 4 rations


   Skills:
 + Level 4.5 Fighting
 * Level 4.9 Axes
 - Level 3.2 Armour
   Level 3.2 Shields


You had 3 spell levels left.
You didn't know any spells.
Your spell library was empty.

Dungeon Overview and Level Annotations

Branches:
Dungeon (4/15)
 Temple: D:4-7

Altars:

Annotations:
D:2 Sigmund


Message History

You are more poisoned.
The worker ant poisons you!
You hit the worker ant.
The worker ant is almost dead.
* * * LOW HITPOINT WARNING * * *
You feel sick. The worker ant bites you.
* * * LOW HITPOINT WARNING * * *
The worker ant bites you.
* * * LOW HITPOINT WARNING * * *
It was a potion of resistance.
You feel protected.
* * * LOW HITPOINT WARNING * * *
You feel sick. The worker ant misses you.
Unknown command.
You slash the worker ant!
You kill the worker ant!
You have reached level 4!
* * * LOW HITPOINT WARNING * * *
You feel sick.
You die...

######### # #
#.......#
##.##!#.......#
......#.......#
#............#
#@......#
#..†....#
#.......#
#########


There were no monsters in sight!

Vanquished Creatures
  A bullfrog skeleton (D:2)
  A worker ant (D:4)
  An orc (D:3)
  2 goblins
  4 hobgoblins
  A bat (D:1)
  2 rats
12 creatures vanquished.

Notes
Turn   | Place    | Note
-------+----------+-------------------------------------------
     0 | D:1      | 4thArraOfDagon the Hill Orc Fighter began the quest for the Orb.
     0 | D:1      | Reached XP level 1. HP: 19/19 MP: 1/1
    88 | D:1      | Reached XP level 2. HP: 19/27 MP: 2/2
   155 | D:2      | Reached XP level 3. HP: 15/33 MP: 3/3
   156 | D:2      | Noticed Sigmund
   321 | D:4      | Reached XP level 4. HP: 3/41 MP: 4/4
   321 | D:4      | HP: 2/41 [poisoned by a worker ant]
   322 | D:4      | Succumbed to a worker ant's poison

Vault maps used:
D:1:      dpeg_arrival_pits, hex_intersection
D:2:      first_ration, st_stairs_9, uniq_sigmund
D:3:      bh_chokoban
D:4:      skrybe_limestone_x, uniq_menkaure, uniq_crazy_yiuf_cottage

Skill      XL: |  1  2 |
---------------+-------+-----
Axes           | 3 4 |  4.9
Fighting       | 4 |  4.5
Armour         | |  3.2
Shields        | |  3.2

Action                   |  1- 3 |  4- 6 || total
-------------------------+-------+-------++-------
Melee: War axe           |    45 |       ||    45
  Use: Potion            |     4 |       ||     4
Armor: Scale mail        |    31 |       ||    31
Dodge: Dodged            |    28 |       ||    28

Table legend:
 A = Spawn XP
 B = Non-spawn XP
 C = Spawn XP percentage of total XP
 D = Spawn monster count
 E = Non-spawn monster count
 F = Spawn count percentage of total count
 G = Total turns spent on level
                    A         B        C        D         E        F      G
               +---------+---------+-------+---------+---------+-------+---------
         Total |       0 |      93 |   0.0 |       0 |      12 |   0.0 |   322
               +---------+---------+-------+---------+---------+-------+---------
           D:1 |       0 |      10 |   0.0 |       0 |       6 |   0.0 |   114
           D:2 |       0 |      44 |   0.0 |       0 |       3 |   0.0 |    57
           D:3 |       0 |       5 |   0.0 |       0 |       2 |   0.0 |   133
           D:4 |       0 |      34 |   0.0 |       0 |       1 |   0.0 |    18
               +---------+---------+-------+---------+---------+-------+---------
